 Dungeon Crawl Stone Soup version 0.31-a0-233-g139696dc86 (webtiles) character file.

Game seed: 14121863646347357357

11 Shard1697 the Insei (level 2, 22/22 HPs)
             Began as a Djinni Transmuter on July 8, 2023.
             Was a Follower of Zin.
             Quit the game on level 1 of the Dungeon.
             The game lasted 00:00:42 (503 turns).

Shard1697 the Insei (Djinni Transmuter)              Turns: 503, Time: 00:00:43

Health: 22/22      AC:  2    Str:  9    XL:     2   Next: 40%
Gold:   34         EV: 12    Int: 14    God:    Zin [*.....] SH:  0 Dex: 13

rFire   + +          .
                       - Unarmed
rCold   x . .        (no shield)
rNeg    . . .        a - +0 robe
rPois   ∞            (no helmet)
rElec   .            (no cloak)
rCorr   .            (no gloves)
SInv    .            (boots unavailable)
Will    .....        (no amulet)
Stlth   +            (no ring)
HPRegen 0.23/turn    (no ring)
MPRegen 0.00/turn

%: no passive effects
@: flying
A: sickness immunity, fire resistance 2, cold vulnerability 1, float, innate
caster, HP casting, extra vitality 1
a: Renounce Religion, Recite, Donate Gold


You were on level 1 of the Dungeon.
You worshipped Zin.
Zin was aware of your devotion.
You visited 1 branch of the dungeon, and saw 1 of its levels.

You collected 37 gold pieces.
You donated 3 gold pieces to Zin.

Inventory:

Armour
 a - a +0 robe (worn)
Scrolls
 c - 2 scrolls of identify {unknown}
 d - a scroll of enchant armour {unknown}
 e - a scroll of silence {unknown}
 f - a scroll of noise {unknown}
Potions
 b - a potion of lignification
 g - 2 potions of might {unknown}


   Skills:
 - Level 1.0 Fighting
 - Level 2.1 Dodging
 + Level 3.3 Unarmed Combat
 + Level 2.4 Spellcasting
 + Level 2.4 Conjurations
 + Level 2.4 Hexes
   Level 0.0 Charms
 + Level 2.4 Summonings
 + Level 2.4 Necromancy
 + Level 2.4 Translocations
 + Level 2.4 Transmutations
 + Level 2.4 Fire Magic
 + Level 2.4 Ice Magic
 + Level 2.4 Air Magic
 + Level 2.4 Earth Magic
 + Level 2.4 Poison Magic


You knew the following spells:

 Your Spells              Type           Power      Damage    Failure   Level
a - Beastly Appendage     Tmut           16%        N/A       9%          1
b - Wereblood             Tmut           8%         N/A       13%         2
c - Spider Form           Tmut/Pois      8%         N/A       26%         3
d - Ice Form              Ice/Tmut       8%         N/A       63%         4
Your spell library was empty.

Dungeon Overview and Level Annotations

Branches:
Dungeon (1/15)

Altars:
Zin


Innate Abilities, Weirdness & Mutations

You are immune to sickness and miasma.
You are immune to poison.
Your flesh is very heat resistant. (rF++)
You are vulnerable to cold. (rC-)
You float through the air rather than walking.
You learn spells naturally, not from books.
Your magical power is your life essence.
You have superior vitality. (+4 MHP)


Message History

The hobgoblin hits you.
You hit the hobgoblin.
You kill the hobgoblin!
An endoplasm comes into view.
An endoplasm is nearby!
You are too injured to fight recklessly!
Your horns disappear.
Casting: Beastly Appendage (safe; 9% risk of failure)
Confirm with . or Enter, or press ? or * to list all spells.
You grow a pair of large bovine horns.
You completely miss the endoplasm. The endoplasm hits you.
You barely miss the endoplasm. The endoplasm hits you.
You barely miss the endoplasm. You hit the endoplasm.
The endoplasm is severely wounded.
The endoplasm misses you.
You hit the endoplasm.
You kill the endoplasm!
Your transformation is almost over.
You start resting.
Your horns disappear.
HP restored.
You now have 37 gold pieces (gained 12).
Found an escape hatch in the floor.
g - 2 green potions
There is an empty arch of ancient stone here.
There is an empty arch of ancient stone here.
There is an empty arch of ancient stone here.
There is an empty arch of ancient stone here.
Found a faded altar of an unknown god.
Found a dagger.
There is a faded altar of an unknown god here.
This altar belongs to (a) Makhleb, (b) Zin or (c) Cheibriados, but you can't tell which.
Press the corresponding letter to learn more about a god, or press enter to convert or escape to cancel.
Okay, then.
This altar belongs to (a) Makhleb, (b) Zin or (c) Cheibriados, but you can't tell which.
Press the corresponding letter to learn more about a god, or press enter to convert or escape to cancel.
Zin accepts your prayer! Zin welcomes you!
You pay a tithe of 3 gold.
You can now donate money to Zin.
You can now recite Zin's Axioms of Law.
Are you sure you want to abandon this character and quit the game? (Confirm with "yes".)

#P.P.P..#####.....####
###.......### #.....# #.
#.#.P.PP..#.# #.....# #.
#........P# #.....# #.
#.....P..P# #.....###.
#P..PP...P# #.........
#..P...P..# #.........
#####_##### #.........
#.....@...# #.........
#...PP....# ####......
#P...P...P#######......
#.PP..P...#............
#.#.......#.............
###)......#.............
#...P...#.........###.
#.##P.P##..........# #.
#. #.PP ##.........# ##


There were no monsters in sight!

Vanquished Creatures
  A dart slug (D:1)
  A bat (D:1)
  An endoplasm (D:1)
  A hobgoblin (D:1)
  A quokka (D:1)
  A ball python (D:1)
  2 kobolds (D:1)
  A rat (D:1)
9 creatures vanquished.

Notes
Turn   | Place    | Note
-------+----------+-------------------------------------------
     0 | D:1      | Shard1697 the Djinni Transmuter began the quest for the
                  | Orb.
     0 | D:1      | Shard1697 set off with the following spells memorised:
                  | Beastly Appendage, Wereblood, Spider Form, Ice Form.
     0 | D:1      | Reached XP level 1. HP: 17/17 MP: 0/0
   295 | D:1      | Reached XP level 2. HP: 22/22 MP: 0/0
   494 | D:1      | Found a faded altar of an unknown god.
   501 | D:1      | Prayed at the altar of an unknown god.
   501 | D:1      | Became a worshipper of Zin the Law-Giver
   501 | D:1      | Reached * piety under Zin
   503 | D:1      | Quit the game

Illustrated notes

Levels and vault maps discovered:
D:1:      nzn_arrival_settlement, layout_basic, shapermc_ecumenical_altar_gd,
          hangedman_decor_diamond_cutter

Action                     || total
---------------------------++-------
  Melee: Unarmed           ||    29
         Headbutt          ||     6
         Punch             ||     1
   Cast: Beastly Appendage ||     5
 Armour: Robe              ||     6
  Dodge: Dodged            ||    18

Table legend: (Time is in decaauts)
 A = Elapsed time spent in this place.
 B = Non-inter-level travel time spent in this place.
 C = Inter-level travel time spent in this place.
 D = Time resting spent in this place.
 E = Time spent auto-exploring this place.
 F = Levels seen in this place.
 G = Mean time per level.
                   A        B        C        D        E       F      G
               +--------+--------+--------+--------+--------+-----+--------+
         Total |    500 |    500 |      0 |     43 |    369 |   1 |  500.0 |
       Dungeon |    500 |    500 |      0 |     43 |    369 |   1 |  500.0 |
               +--------+--------+--------+--------+--------+-----+--------+

Top non-repeatable levels by time:
     D:1: 500 daAuts
